 Dungeon Crawl Stone Soup version 0.29-a0-284-gf9362112df (webtiles) character file.

Game seed: 15419837298547423060

67 silky the Cudgeller (level 4, -1/40 HPs)
             Began as a Minotaur Chaos Knight on Mar 31, 2022.
             Was a Plaything of Xom.
             Slain by a gnoll
             ... wielding a +0 halberd
              (6 damage)
             ... on level 2 of the Dungeon.
             The game lasted 00:03:08 (1131 turns).

silky the Cudgeller (Minotaur Chaos Knight)         Turns: 1131, Time: 00:03:09

Health: -1/40      AC:  5    Str: 19    XL:     4   Next: 0%
Magic:  3/3        EV:  6    Int:  9    God:    Xom [..*...]
Gold:   53         SH:  0    Dex:  9    Spells: 3/3 levels left

rFire   . . .      SeeInvis .   a - +0 mace (chaos)
rCold   . . .      Faith    .   (no shield)
rNeg    . . .      Spirit   .   g - +0 ring mail
rPois   .          Reflect  .   (helmet restricted)
rElec   .          Harm     .   (no cloak)
rCorr   .          Rampage  .   (no gloves)
Will    .....                   (no boots)
Stlth   +.........              (no amulet)
HPRegen 0.13/turn               (no ring)
MPRegen 0.08/turn               (no ring)

@: held
A: horns 2, retaliatory headbutt
a: Renounce Religion


You were on level 2 of the Dungeon.
You worshipped Xom.
You were a toy of Xom.
You visited 1 branch of the dungeon, and saw 2 of its levels.

You collected 53 gold pieces.

Inventory:

Hand Weapons
 a - a +0 mace of chaos (weapon)
Armour
 g - a +0 ring mail (worn)
Scrolls
 b - a scroll of enchant armour {unknown}
 d - a scroll of amnesia {unknown}
 e - 2 scrolls of identify {unknown}
 f - a scroll of immolation {unknown}
Miscellaneous
 c - a piece from Xom's chessboard (4/15) (quivered)


   Skills:
 + Level 4.0 Fighting
 + Level 4.9 Maces & Flails
 + Level 3.0 Armour
 + Level 1.5 Dodging
 + Level 0.5 Stealth
 + Level 0.4 Evocations


You had 3 spell levels left.
You didn't know any spells.
Your spell library contained the following spells:

 Spells                   Type           Power      Damage    Failure   Level
 Scorch                   Fire           0%         2d5       71%         2
 Ignite Poison            Fire/Tmut/Pois 0%         N/A       90%         3
 Mephitic Cloud           Conj/Pois/Air  0%         N/A       90%         3
 Flame Wave               Conj/Fire      0%         2d4       100%        4
 Freezing Cloud           Conj/Ice/Air   0%         6-21      100%        5
 Iskenderun's Battlesphe  Conj           0%         2d6       100%        5
 Iron Shot                Conj/Erth      0%         9d1       100%        6
 Summon Cactus Giant      Summ           0%         N/A       100%        6
 Spellforged Servitor     Conj/Summ      0%         N/A       100%        7


Dungeon Overview and Level Annotations

Branches:
Dungeon (2/15)

Altars:


Innate Abilities, Weirdness & Mutations

You have a pair of horns on your head.
You reflexively headbutt those who attack you in melee.


Message History

Your 2 scrolls labelled LIESCH HUGUPASYU briefly vibrate.
The bat barely misses you. You furiously retaliate!
You headbutt the bat, but do no damage.
A gnoll shaman comes into view. It is wielding a +0 club.
The bat hits you but does no damage. The gnoll hits you with a +0 whip.
You make a move on Xom's chessboard...
The bat suddenly stops moving!
The gnoll hits you with a +0 whip.
A gnoll comes into view. It is wielding a +0 spear.
You hit the gnoll. Lightning courses through the gnoll!
You kill the gnoll!
A gnoll comes into view. It is wielding a +0 halberd.
The giant cockroach bites you but does no damage.
Your piece from Xom's chessboard (5/15) has regained one charge.
Your Armour skill increases to level 3!
You barely miss the gnoll shaman.
The gnoll shouts!
You hear a shout!
The gnoll hits you but does no damage.
The gnoll shaman hits you with a +0 club.
The giant cockroach misses you. You furiously retaliate!
You headbutt the giant cockroach!
You kill the giant cockroach!
The helpless bat fails to defend itself.
You hit the bat. Lightning courses through the bat!
You kill the bat!
The gnoll hits you from afar with a +0 spear!
The gnoll shaman hits you with a +0 club!
The gnoll barely misses you.
The gnoll throws a throwing net.
The throwing net hits you.
You become entangled in the net!
A gnoll comes into view. It is wielding a +0 club.
The gnoll hits you from afar with a +0 spear.
* * * LOW HITPOINT WARNING * * *
The gnoll shaman hits you with a +0 club.
* * * LOW HITPOINT WARNING * * *
You have reached level 4!
You feel stronger.
You aren't carrying any potions.
You make a move on Xom's chessboard...
The gnoll is moving more slowly.
The gnoll hits you from afar with a +0 halberd.
You die...
Xom bursts into laughter!

#.#.............
#.#......#######
####.#..#####
#..........#
#.##....##.#
###..# # #..#
#..# #†@#
#...g.# #...gg.
#....### ^....g
....#.. ....#..
... #..


You could see a gnoll shaman and 3 gnolls.

Vanquished Creatures
  A gnoll (D:2)
  2 adders (D:2)
  A dart slug (D:2)
  3 ball pythons (D:1)
  4 bats
  2 endoplasms
  2 giant cockroaches (D:2)
  4 goblins
  4 hobgoblins
  6 jackals
  A kobold (D:2)
  A frilled lizard (D:2)
  2 rats (D:1)
33 creatures vanquished.

Notes
Turn   | Place    | Note
-------+----------+-------------------------------------------
     0 | D:1      | silky the Minotaur Chaos Knight began the quest for the
                  | Orb.
     0 | D:1      | Reached XP level 1. HP: 19/19 MP: 0/0
    34 | D:1      | XOM: silly message
   206 | D:1      | Reached XP level 2. HP: 27/27 MP: 1/1
   265 | D:1      | XOM: silly message
   414 | D:1      | XOM: noise
   435 | D:1      | XOM: silly message
   606 | D:1      | XOM: silly message
   786 | D:2      | Reached XP level 3. HP: 33/33 MP: 2/2
  1030 | D:2      | XOM: divination: detect creatures
  1125 | D:2      | XOM: silly message
  1131 | D:2      | Reached XP level 4. HP: 5/40 MP: 3/3
  1131 | D:2      | Slain by a gnoll

Illustrated notes

Levels and vault maps discovered:
D:1:      erik_arrival_blinker_ship, layout_basic
D:2:      layout_loops_ring

Skill      XL: |  1  2  3 |
---------------+----------+-----
Maces & Flails | 4 |  4.9
Fighting       | 4 |  4.0
Armour         | 3 |  3.0
Dodging        | |  1.5
Stealth        | |  0.5
Evocations     | |  0.4

Action                   |  1- 3 |  4- 6 || total
-------------------------+-------+-------++-------
Melee: Mace              |    63 |       ||    63
       Headbutt          |     7 |       ||     7
Evoke: Piece from Xom's  |    12 |     1 ||    13
 Stab: Paralysed         |     2 |       ||     2
Armor: Leather armour    |    10 |       ||    10
       Ring mail         |    20 |       ||    20
Dodge: Dodged            |    36 |       ||    36

Table legend: (Time is in decaauts)
 A = Elapsed time spent in this place.
 B = Non-inter-level travel time spent in this place.
 C = Inter-level travel time spent in this place.
 D = Time resting spent in this place.
 E = Time spent auto-exploring this place.
 F = Levels seen in this place.
 G = Mean time per level.
                   A        B        C        D        E       F      G
               +--------+--------+--------+--------+--------+-----+--------+
         Total |   1142 |   1122 |     20 |      0 |    870 |   2 |  571.0 |
       Dungeon |   1142 |   1122 |     20 |      0 |    870 |   2 |  571.0 |
               +--------+--------+--------+--------+--------+-----+--------+

Top non-repeatable levels by time:
     D:1: 681 daAuts
     D:2: 460 daAuts
